AoeStats
← Tubbi

Oasis

507389663Analyzed
4v4 RM · 13d ago on Sep 18, 2026· 55m 4s· 8 players
Game mode
Random Map
Map size
Large (8 player)
Population
200
Speed
Normal
Resources
Standard
Victory
Conquest
Starting age
Dark Age
Ending age
Imperial Age
RankedLock teamsTeams togetherTeam positionsShared explorationLock speedFull tech treeHidden civsTurbo modeCheats
Victory
Defeat
🇹🇷 Poles · Türkiye
844
+14
🇧🇷 Sicilians · Brazil
837
+15
🇱🇻 Slavs · Latvia
819
+15
🇬🇧 Khmer · United Kingdom
777
+17
🇦🇷 Vietnamese · Argentina
841
-16
🇺🇸 Ethiopians · United States
819
-16
🇦🇷 Gurjaras · Argentina
815
-16
🇺🇸 Bohemians · United States
754
-13
SlyScissors443
8:38 Loom
11:52 Feudal Age
12:18 Double-Bit Axe
14:38 Horse Collar
17:24 Wheelbarrow
20:10 Castle Age
18:44 Stone Mining
18:48 Gold Mining
21:37 Bow Saw
21:31 Heavy Plow
25:11 Gold Shaft Mining
25:18 Stone Shaft Mining
27:05 Town Watch
31:17 Imperial Age
29:05 Hand Cart
32:57 Ballistics
33:39 Chemistry
32:09 Elite Ballista Elephant
33:14 Conscription
34:44 Scale Barding Armor
34:52 Forging
34:58 Bloodlines
34:49 Husbandry
35:03 Double Crossbow
35:21 Caravan
38:24 Chain Barding Armor
38:40 Iron Casting
41:35 Plate Barding Armor
42:05 Blast Furnace
golgi
10:46 Feudal Age
11:23 Double-Bit Axe
11:20 Horse Collar
21:28 Castle Age
19:42 Fletching
21:37 Town Watch
22:08 Crossbowman
22:54 Thumb Ring
24:20 Wheelbarrow
27:39 Padded Archer Armor
29:05 Gold Mining
29:06 Stone Mining
30:20 Loom
31:39 Scale Mail Armor
32:23 Bloodlines
32:13 Husbandry
34:17 Bodkin Arrow
34:33 Forging
34:29 Scale Barding Armor
35:24 Hand Cart
39:45 Imperial Age
39:24 Light Cavalry
40:12 Szlachta Privileges
42:10 Bracer
42:25 Leather Archer Armor
44:46 Lechitic Legacy
45:10 Murder Holes
45:36 Ballistics
45:27 Masonry
46:44 Winged Hussar
48:10 Cavalier
51:14 Iron Casting
51:00 Chain Barding Armor
50:56 Chain Mail Armor
54:33 Blast Furnace
53:22 Arrowslits
54:20 Fervor
53:39 Heavy Cavalry Archer
c190
0:27 Loom
12:28 Feudal Age
13:55 Double-Bit Axe
21:58 Castle Age
21:25 Scale Barding Armor
21:31 Forging
21:20 Stone Mining
21:22 Gold Mining
23:56 Chain Barding Armor
24:12 Iron Casting
25:22 Scale Mail Armor
27:09 Caravan
29:33 Detinets
29:51 Bow Saw
29:43 Pikeman
32:20 Chain Mail Armor
33:46 Gold Shaft Mining
38:03 Imperial Age
38:45 Halberdier
40:04 Plate Barding Armor
40:08 Wheelbarrow
48:04 Elite Boyar
49:02 Horse Collar
55:10 Blast Furnace
DISK PIZZA
11:48 Feudal Age
12:24 Double-Bit Axe
21:16 Castle Age
19:45 Scale Mail Armor
33:58 Chain Mail Armor
36:34 Forging
45:22 Imperial Age
46:29 Conscription
52:22 Plate Mail Armor
52:28 Iron Casting
mm787
11:04 Feudal Age
11:33 Double-Bit Axe
16:46 Fletching
16:57 Padded Archer Armor
19:02 Wheelbarrow
21:11 Loom
24:39 Castle Age
25:23 Crossbowman
26:09 Thumb Ring
26:39 Gold Mining
29:38 Elite Skirmisher
32:37 Horse Collar
43:53 Scale Mail Armor
pjc013
4:55 Loom
13:16 Feudal Age
17:35 Double-Bit Axe
17:49 Horse Collar
21:09 Castle Age
19:19 Arson
22:12 Elite Skirmisher
25:44 Chemistry
27:57 Wheelbarrow
40:52 Pikeman
43:27 Ballistics
49:53 Imperial Age
50:46 Halberdier
53:33 Onager
Tubbi
11:34 Feudal Age
12:18 Double-Bit Axe
16:16 Castle Age
15:13 Loom
15:30 Horse Collar
18:24 Wheelbarrow
17:58 Heavy Plow
20:31 Stone Mining
22:02 Hand Cart
24:32 Bow Saw
26:45 Fletching
26:56 Padded Archer Armor
27:08 Forging
27:06 Scale Barding Armor
27:41 Stone Shaft Mining
26:57 Gold Mining
28:44 Caravan
28:31 Elite Skirmisher
29:33 Town Watch
31:27 Thumb Ring
33:55 Imperial Age
32:22 Leather Archer Armor
32:33 Pikeman
34:27 Imperial Skirmisher
35:24 Bodkin Arrow
35:59 Ring Archer Armor
36:48 Paper Money
36:54 Ballistics
36:23 Halberdier
37:03 Squires
36:51 Arson
37:46 Iron Casting
37:15 Scale Mail Armor
38:47 Bracer
40:52 Chemistry
41:17 Treadmill Crane
41:41 Murder Holes
44:04 Husbandry
44:14 Bloodlines
44:24 Chain Mail Armor
44:29 Chain Barding Armor
47:35 Crop Rotation
48:07 Two-Man Saw
47:50 Light Cavalry
49:12 Plate Barding Armor
49:08 Plate Mail Armor
Yova
0:26 Loom
12:05 Feudal Age
14:55 Bloodlines
15:27 Double-Bit Axe
22:18 Castle Age
21:03 Forging
23:56 Horse Collar
30:35 Kshatriyas
31:50 Wheelbarrow
34:44 Bow Saw
35:04 Scale Barding Armor
35:35 Iron Casting
39:58 Imperial Age
39:27 Chain Barding Armor
40:05 Hand Cart
41:27 Frontier Guards
42:05 Town Watch
42:34 Heavy Camel Rider
45:13 Town Patrol
46:54 Plate Barding Armor
49:07 Elite Skirmisher
Connection lost

Rejoining the realm…

Still unreachable

The connection could not be restored.

Session expired

The server has moved on; the page needs a fresh start.